 Dungeon Crawl Stone Soup version 0.32-a0-932-g546787307d (webtiles) character file.

Game seed: 9385264250589896371

143 aspa the Sneak (level 5, -3/33 HPs)
             Began as an Octopode Hedge Wizard on Apr 14, 2024.
             Slain by an orc priest
             ... wielding a +0 club
              (4 damage)
             ... on level 5 of the Dungeon.
             The game lasted 00:10:49 (2391 turns).

aspa the Sneak (Octopode Hedge Wizard)              Turns: 2391, Time: 00:10:49

Health: -3/33      AC:  1    Str: 10    XL:     5   Next: 25%
Magic:  5/10       EV: 12    Int: 18    God:
Gold:   192        SH:  0    Dex: 11    Spells: 3/11 levels left

rFire   . . .        a - +0 dagger
rCold   . . .        (no shield)
rNeg    . . .        o - +0 hat
rPois   .            p - amulet of faith
rElec   .            d - ring of see invisible
rCorr   .            (no ring)
SInv    +            (no ring)
Will    .....        (no ring)
Stlth   ++++         (no ring)
HPRegen 0.25/turn    (no ring)
MPRegen 0.12/turn    (no ring)
                     (no ring)

%: faith
@: very slightly contaminated
A: almost no armour, amphibious, 8 rings, camouflage 1, gelatinous body 1,
(nimble swimmer 1), tentacles
a: Convert to Beogh


You were on level 5 of the Dungeon.
You visited 1 branch of the dungeon, and saw 5 of its levels.

You collected 192 gold pieces.

Inventory:

Hand Weapons
 a - a +0 dagger (weapon)
 b - a +0 trident
 s - a +2 flail of draining
Armour
 o - a +0 hat (worn)
Jewellery
 d - a ring of see invisible (left tentacle)
 p - an amulet of faith (around mantle)
Wands
 m - a wand of polymorph (6)
Scrolls
 f - 2 scrolls of teleportation {unknown}
 g - 2 scrolls of fear {unknown}
 h - a scroll of immolation {unknown}
 i - 4 scrolls of revelation
 j - a scroll of blinking {unknown}
 n - a scroll of amnesia {unknown}
 q - a scroll of identify {unknown}
Potions
 c - 2 potions of magic
 e - 2 potions of lignification {unknown}
 k - 2 potions of curing {unknown}
 l - a potion of cancellation {unknown}
 r - a potion of haste {unknown}


   Skills:
 * Level 1.2 Fighting
 * Level 1.6 Short Blades
 + Level 2.5 Dodging
 * Level 4.8 Stealth
 + Level 3.5 Spellcasting
 * Level 1.6 Conjurations
 - Level 1.0 Summonings
 - Level 1.0 Translocations


You had 3 spell levels left.
You knew the following spells:

 Your Spells              Type           Power      Damage    Failure   Level
a - Magic Dart            Conj           32%        1d4       9%          1
b - Call Imp              Summ           12%        N/A       16%         2
c - Mephitic Cloud        Conj/Alch/Air  5%         N/A       36%         3
d - Blink                 Tloc           12%        N/A       16%         2

Your spell library contained the following spells:

 Spells                   Type           Power      Damage    Failure   Level
 Slow                     Hex            12%        N/A       16%         1
 Lesser Beckoning         Tloc           12%        N/A       16%         2
 Cigotuvi's Dreadful Rot  Necr/Alch/Air  6%         N/A       24%         2
 Maxwell's Portable Pile  Tloc           6%         2d(5-15)  30%         3
 Teleport Other           Tloc           6%         N/A       30%         3


Dungeon Overview and Level Annotations

Branches:
Dungeon (5/15)
 Temple: D:4-7

Altars:
Hepliaklqana

Shops:
D:3 (


Innate Abilities, Weirdness & Mutations

You cannot wear most types of armour.
You are amphibious.
You can wear up to eight rings at the same time.
Your skin changes colour to match your surroundings (Stealth+).
Your rubbery body absorbs attacks. (AC +1, EV +1)
((You are camouflaged when in or above water. (Stealth+)))
You have tentacles for arms and can constrict up to eight enemies at once.


Message History

An iguana comes into view.
An iguana comes into view.
An iguana comes into view.
You see here a +0 pair of boots.
An orc priest comes into view. It is wielding a +0 club.
The orc priest shouts!
The iguana hisses angrily.
You hear a shout!
You hear an angry growl.
An orc priest comes into view. It is wielding a +0 short sword.
An orc wizard comes into view.
It is wielding a +2 dagger of electrocution.
A white imp comes into view.
Found a hazy altar of Hepliaklqana.
The orc wizard shouts!
The orc wizard points at you and mumbles some strange words.
The magic dart hits you.
Casting: Call Imp (safe; 16% risk of failure)
Confirm with . or Enter, or press ? or * to list all spells.
Aiming: Mephitic Cloud (quite dangerous; 36% risk of failure)
Press: ? - help, Shift-Dir - straight line, f - orc priest
Aim: an orc priest, wielding a +0 club and wearing a +0 leather armour (chance to affect: 86%)
You miscast Mephitic Cloud.
You are very lightly contaminated with residual magic.
Nothing appears to happen.
The orc priest attacks as it pursues you!
The orc priest hits you with a +0 club.
The orc priest mumbles some strange prayers to Beogh against you.
Beogh smites you!
The orc priest attacks as it pursues you!
The orc priest hits you with a +0 club.
An orc priest comes into view. It is wielding a +0 hand axe.
The orc priest shouts, "Beogh offers mercy even to people such as you.
Join us and be reborn!" (press Y on the ability menu to convert to Beogh)
The orc wizard mumbles some strange words.
The orc wizard flickers and vanishes for a moment.
The orc priest shouts, "The Pantheon deserves no one's loyalty.
Let us show you the true path!"
The orc wizard gestures at you while chanting.
The puff of flame hits you!
* * * LOW HITPOINT WARNING * * *
The orc priest attacks as it pursues you!
The orc priest hits you with a +0 club.
You die...

...............#* *,,,**,**
...........##..####...,,,**
##.........##.o#.#...#,,,,*
...........##o5.....#***,,*
..[...#....#........# **,,**
..#........#........###.,,,*****
.##.....#...o...........,,,,**,**
.#.............o........,,,,,,,,*
.#...........o.l@.......,,,**,,,*
..............##########***,,,,,*
..............#***ß***ß****,,,,,*
..............#*ß,,,ß,,,ß**,,,,,*
..............#*,,,,,,,,,**,,,,*,
l.............#_,,,,,,,,,>*,,***,
,,,,,.........##,,,,,,,,,*****,,,
,,,,**#.......##ß,,,ß,,,ß**,****,
,*,****,,,,<,,****ß***ß****,,***,


You could see an iguana, 3 orc priests, an orc wizard (invisible), a white imp
and an orc.

Vanquished Creatures
  A hound (D:4)
  4 gnolls (D:4)
  An adder (D:3)
  A dart slug (D:2)
  7 orcs
  5 bats
  3 endoplasms
  2 giant cockroaches
  4 goblins
  3 hobgoblins
  4 jackals (D:1)
  A quokka (D:2)
  5 ball pythons
  4 frilled lizards
  5 kobolds
  3 rats
53 creatures vanquished.

Vanquished Creatures (collateral kills)
  A kobold (D:4)
1 creature vanquished.

Grand Total: 54 creatures vanquished

Notes
Turn   | Place    | Note
-------+----------+-------------------------------------------
     0 | D:1      | aspa the Octopode Hedge Wizard began the quest for the Orb.
     0 | D:1      | Reached XP level 1. HP: 11/11 MP: 4/4
   142 | D:1      | Reached XP level 2. HP: 10/17 MP: 6/6
   145 | D:1      | Learned a level 2 spell: Call Imp
   244 | D:1      | Reached skill level 3 in Stealth
   608 | D:1      | Reached XP level 3. HP: 13/22 MP: 7/7
   802 | D:1      | Learned a level 3 spell: Mephitic Cloud
   805 | D:1      | Learned a level 2 spell: Blink
  1741 | D:3      | Reached skill level 4 in Stealth
  1741 | D:3      | Reached XP level 4. HP: 25/27 MP: 9/9
  1807 | D:3      | Found Jinides's Weapon Shop.
  2088 | D:4      | Reached skill level 1 in Short Blades
  2187 | D:4      | Reached skill level 1 in Fighting
  2248 | D:4      | Noticed a brain worm
  2255 | D:4      | Reached XP level 5. HP: 16/33 MP: 4/10
  2363 | D:5      | Entered Level 5 of the Dungeon
  2385 | D:5      | Found a hazy altar of Hepliaklqana.
  2391 | D:5      | HP: 1/33 [orc wizard/puff of flame (11)]
  2391 | D:5      | Slain by an orc priest

Illustrated notes

Levels and vault maps discovered:
D:1:      minmay_arrival_shoal_huts, layout_basic, roderic_serpentine_path,
          hangedman_abyss_or_decor_lesser_grid, amcnicky_mini_pool_small
D:2:      layout_loops_ring
D:3:      layout_rooms, serial_shops, shop
D:4:      layout_cave_pools, xom_butterflies, minmay_temple_entry_wispy,
          serial_column_ruins, column_ruins_hut_pillars, column_ruins_hut,
          column_ruins_grid_1, column_ruins_grid_4, column_ruins_open_tiny,
          column_ruins_grid_3, column_ruins_grid_2, column_ruins_open_small
D:5:      layout_cave_pools, nicolae_overflow_hidden_temple,
          lightli_ossuary_entry_decrepit_ruins, minmay_manual_monstrance

Skill      XL: |  1  2  3  4 |
---------------+-------------+-----
Stealth        | 3 4 |  4.8
Short Blades   | 1 |  1.6
Fighting       | 1 |  1.2
Dodging        | |  2.5
Spellcasting   | |  3.5
Conjurations   | |  1.6
Summonings     | |  1.0
Translocations | |  1.0

Action                     |  1- 3 |  4- 6 || total
---------------------------+-------+-------++-------
  Melee: Dagger            |    56 |    23 ||    79
         Tentacles         |    11 |     6 ||    17
         Constrict         |    14 |     8 ||    22
   Cast: Magic Dart        |    19 |    15 ||    34
         Call Imp          |     2 |     4 ||     6
    Use: Scroll            |       |     1 ||     1
   Stab: Sleeping          |    15 |     1 ||    16
 Armour: Skin              |    20 |    21 ||    41
  Dodge: Dodged            |    21 |    12 ||    33

Table legend: (Time is in decaauts)
 A = Elapsed time spent in this place.
 B = Non-inter-level travel time spent in this place.
 C = Inter-level travel time spent in this place.
 D = Time resting spent in this place.
 E = Time spent auto-exploring this place.
 F = Levels seen in this place.
 G = Mean time per level.
                   A        B        C        D        E       F      G
               +--------+--------+--------+--------+--------+-----+--------+
         Total |   2394 |   2245 |    149 |    175 |   1447 |   5 |  478.8 |
       Dungeon |   2394 |   2245 |    149 |    175 |   1447 |   5 |  478.8 |
               +--------+--------+--------+--------+--------+-----+--------+

Top non-repeatable levels by time:
     D:1: 864 daAuts
     D:3: 704 daAuts
     D:2: 514 daAuts
     D:4: 283 daAuts
     D:5: 27 daAuts
